 Dungeon Crawl Stone Soup version 0.31-a0-876-gfe8ebadbca (webtiles) character file.

Game seed: 14202294835054893478

167 Pixllover the Stinger (level 5, -2/31 HPs)
             Began as an Octopode Venom Mage on Oct 13, 2023.
             Slain by an endoplasm (3 damage)
             ... on level 3 of the Dungeon.
             The game lasted 00:09:05 (1869 turns).

Pixllover the Stinger (Octopode Venom Mage)         Turns: 1869, Time: 00:09:06

Health: -2/31      AC:  1    Str:  7    XL:     5   Next: 48%
Magic:  8/9        EV: 13    Int: 20    God:
Gold:   72         SH:  0    Dex: 12    Spells: 9/10 levels left

rFire   . . .        (no weapon)
rCold   . . .        (no shield)
rNeg    . . .        (helmet restricted)
rPois   .            n - amulet of magic regeneration
rElec   .            (no ring)
rCorr   .            (no ring)
SInv    .            (no ring)
Will    .....        (no ring)
Stlth   +++          (no ring)
HPRegen 0.25/turn    (no ring)
MPRegen 0.51/turn    (no ring)
                     (no ring)

%: no passive effects
@: lethally poisoned (-2 -> -12)
A: almost no armour, amphibious, 8 rings, camouflage 1, gelatinous body 1,
(nimble swimmer 1), tentacles, evolution 1, no potion heal 1
a: no special abilities


You were on level 3 of the Dungeon.
You visited 1 branch of the dungeon, and saw 3 of its levels.

You collected 72 gold pieces.

Inventory:

Hand Weapons
 i - a +1 dagger of draining
 k - a +0 spear
Jewellery
 n - an amulet of magic regeneration (around mantle)
Wands
 h - a wand of light (7)
Scrolls
 d - 2 scrolls of teleportation
 g - a scroll of vulnerability
 l - a scroll of torment
Potions
 a - a potion of magic
 b - a potion of brilliance
 c - 2 potions of attraction
 f - a potion of heal wounds {unknown}
 j - a potion of haste {unknown}
 m - a potion of berserk rage {unknown}


   Skills:
 + Level 0.2 Fighting
 + Level 2.5 Dodging
 + Level 3.3 Stealth
 + Level 0.8 Unarmed Combat
 + Level 3.3 Spellcasting
 + Level 2.1 Transmutations
 + Level 4.8 Poison Magic


You had 9 spell levels left.
You knew the following spells:

 Your Spells              Type           Power      Damage    Failure   Level
a - Sting                 Tmut/Pois      68%        1d6       3%          1

Your spell library contained the following spells:

 Spells                   Type           Power      Damage    Failure   Level
 Poisonous Vapours        Pois/Air       24%        N/A       8%          2
 Cigotuvi's Dreadful Rot  Necr/Pois/Air  18%        N/A       11%         2
 Ignite Poison            Fire/Tmut/Pois 12%        N/A       16%         3
 Olgreb's Toxic Radiance  Pois           22%        N/A       19%         4
 Mephitic Cloud           Conj/Pois/Air  9%         N/A       22%         3
 Freezing Cloud           Conj/Ice/Air   1%         6-21      98%         5


Dungeon Overview and Level Annotations

Branches:
Dungeon (3/15)

Altars:


Innate Abilities, Weirdness & Mutations

You cannot wear most types of armour.
You are amphibious.
You can wear up to eight rings at the same time.
Your skin changes colour to match your surroundings (Stealth+).
Your rubbery body absorbs attacks. (AC +1, EV +1)
((You are camouflaged when in or above water. (Stealth+)))
You have tentacles for arms and can constrict up to eight enemies at once.
You have hidden genetic potential.
Potions are less effective at restoring your health.


Message History

Confirm with . or Enter, or press ? or * to list all spells.
Aiming: Sting (safe; 3% risk of failure)
Press: ? - help, Shift-Dir - straight line, f - endoplasm
Aim: an endoplasm (98% to hit)
The sting hits the endoplasm.
The endoplasm partially resists.
The endoplasm is poisoned.
The endoplasm is moderately wounded.
The adder bites you.
You are poisoned.
The adder poisons you! The endoplasm barely misses you.
Casting: Sting (safe; 3% risk of failure)
Confirm with . or Enter, or press ? or * to list all spells.
Aiming: Sting (safe; 3% risk of failure)
Press: ? - help, Shift-Dir - straight line, f - adder, p - endoplasm
Aim: an adder (57% to hit)
The sting misses the adder.
You feel sick. The adder bites you.
You are more poisoned.
The adder poisons you! The endoplasm barely misses you.
Unknown command.
Casting: Sting (safe; 3% risk of failure)
Confirm with . or Enter, or press ? or * to list all spells.
Aiming: Sting (safe; 3% risk of failure)
Press: ? - help, Shift-Dir - straight line, f/p - adder
Aim: an adder (57% to hit)
The sting hits the adder.
The adder is poisoned.
The adder is moderately wounded.
* * * LOW HITPOINT WARNING * * *
You feel very sick. The adder closely misses you. The adder bites you.
* * * LOW HITPOINT WARNING * * *
The endoplasm barely misses you.
It was a potion of mutation.
You feel extremely strange.
Your system partially rejects the healing effects of potions.
You feel a hidden potential growing inside you.
* * * LOW HITPOINT WARNING * * *
You feel sick. The adder bites you.
* * * LOW HITPOINT WARNING * * *
You are more poisoned.
The adder poisons you! The endoplasm hits you.
You die...

.....#'...# ......##
#.#........##
.......####...........#
..#...................#
.......####...........#
......## #...........#
.....#+ #...........#
'#...# #.#..JS†...#
.##..# #.##..@...#
..##.# #.##.######
...#.# #.##.#
####.######.##.#
............##.#
...............#
################


You could see an adder (poisoned) and an endoplasm (poisoned).

Vanquished Creatures
  Jessica (D:2)
  An iguana (D:2)
  4 adders
  3 worms (D:3)
  2 dart slugs
  3 orcs
  A bat (D:1)
  6 endoplasms
  A giant cockroach (D:1)
  6 goblins
  6 hobgoblins
  A jackal (D:3)
  9 kobolds
  3 quokkas
  9 ball pythons
  6 frilled lizards
62 creatures vanquished.

Notes
Turn   | Place    | Note
-------+----------+-------------------------------------------
     0 | D:1      | Pixllover the Octopode Venom Mage began the quest for the
                  | Orb.
     0 | D:1      | Reached XP level 1. HP: 11/11 MP: 3/3
    67 | D:1      | Reached XP level 2. HP: 14/17 MP: 0/5
    77 | D:1      | Reached skill level 4 in Poison Magic
   452 | D:1      | Reached XP level 3. HP: 21/21 MP: 4/6
   644 | D:2      | Reached XP level 4. HP: 27/27 MP: 1/7
   700 | D:2      | Found a faded altar of an unknown god.
   799 | D:2      | Noticed Jessica
   808 | D:2      | Killed Jessica
  1143 | D:2      | Reached XP level 5. HP: 19/31 MP: 9/9
  1869 | D:3      | Gained mutation: Potions are less effective at restoring
                  | your health. [potion of mutation]
  1869 | D:3      | Gained mutation: You have hidden genetic potential. [potion
                  | of mutation]
  1869 | D:3      | HP: 1/31 [adder (3)]
  1869 | D:3      | Slain by an endoplasm

Illustrated notes

Levels and vault maps discovered:
D:1:      mrwooster_arrival_arrow, layout_rooms, ebering_dispersal_statue_hall
D:2:      layout_basic, ebering_ecumenical_altar_abandoned, uniq_jessica
D:3:      layout_rooms, grunt_ministairs_7, minmay_pentangle

Skill      XL: |  1  2  3  4  5 |
---------------+----------------+-----
Poison Magic   | 4 |  4.8
Stealth        | 3 |  3.3
Spellcasting   | 3 |  3.3
Transmutations | 2 |  2.1
Fighting       | |  0.2
Dodging        | |  2.5
Unarmed Combat | |  0.8

Action                     |  1- 3 |  4- 6 || total
---------------------------+-------+-------++-------
  Melee: Unarmed           |    19 |    54 ||    73
         Constrict         |     7 |    11 ||    18
         Tentacles         |     2 |    14 ||    16
   Cast: Sting             |    34 |    46 ||    80
    Use: Scroll            |     1 |     6 ||     7
         Potion            |       |     1 ||     1
 Armour: Skin              |    13 |    32 ||    45
  Dodge: Dodged            |    20 |    47 ||    67

Table legend: (Time is in decaauts)
 A = Elapsed time spent in this place.
 B = Non-inter-level travel time spent in this place.
 C = Inter-level travel time spent in this place.
 D = Time resting spent in this place.
 E = Time spent auto-exploring this place.
 F = Levels seen in this place.
 G = Mean time per level.
                   A        B        C        D        E       F      G
               +--------+--------+--------+--------+--------+-----+--------+
         Total |   1868 |   1849 |     19 |     85 |    831 |   3 |  622.7 |
       Dungeon |   1868 |   1849 |     19 |     85 |    831 |   3 |  622.7 |
               +--------+--------+--------+--------+--------+-----+--------+

Top non-repeatable levels by time:
     D:2: 874 daAuts
     D:1: 606 daAuts
     D:3: 387 daAuts
